 Dungeon Crawl Stone Soup version 0.19.0-11-g3fc08b3 (webtiles) character file.

772 Glaeka the Magician (level 7, -3/37 HPs)
             Began as a Deep Elf Air Elementalist on Nov 9, 2016.
             Was a Follower of Yredelemnul.
             Killed by nerve-wracking pain
             ... invoked by a shadow imp
              (13 damage)
             ... on level 5 of the Dungeon.
             The game lasted 00:28:10 (2844 turns).

Glaeka the Magician (Deep Elf Air Elementalist)     Turns: 2844, Time: 00:28:11

Health: -3/37      AC:  4    Str:  6    XL:     7   Next: 53%
Magic:  26/34      EV: 13    Int: 21    God:    Yredelemnul [*.....]
Gold:   144        SH:  0    Dex: 15    Spells: 5 memorised, 6 levels left

rFire  . . .     SeeInvis .     E - staff of power
rCold  . . .     Gourm    .     e - +0 robe
rNeg   . . .     Faith    .     (no shield)
rPois  .         Spirit   .     C - +0 helmet
rElec  .         Reflect  .     (no cloak)
rCorr  .         Harm     .     (no gloves)
MR     .....                    x - +0 pair of boots
Stlth  ++........               (no amulet)
                                (no ring)
                                (no ring)

@: no status effects
A: no striking features
a: Animate Remains, Renounce Religion


You were on level 5 of the Dungeon.
You worshipped Yredelemnul.
Yredelemnul was aware of your devotion.
You were not hungry.

You visited 2 branches of the dungeon, and saw 6 of its levels.

You collected 144 gold pieces.

Inventory:

Hand Weapons
 a - a +0 flail
 r - a +0 dagger
Missiles
 u - 15 poisoned needles
 v - 5 tomahawks (quivered)
Armour
 e - a +0 robe (worn)
 x - a +0 pair of boots (worn)
 C - a +0 helmet (worn)
Magical Staves
 E - an uncursed staff of power (weapon)
Jewellery
 j - a +3 ring of protection {unknown}
 l - an uncursed ring of stealth {unknown}
 G - an uncursed amulet of rage {unknown}
Wands
 H - a wand of iceblast (7/15)
Scrolls
 d - a scroll of recharging {unknown}
 f - a scroll of fog {unknown}
 g - 2 scrolls of teleportation {unknown}
 h - 4 scrolls of identify {unknown}
 i - 3 scrolls of remove curse {unknown}
 k - 3 scrolls of magic mapping {unknown}
 p - 2 scrolls of blinking {unknown}
 w - a scroll of random uselessness {unknown}
 y - a scroll of fear {unknown}
 B - a scroll of enchant armour {unknown}
 D - a scroll of enchant weapon {unknown}
Potions
 m - a potion of agility {unknown}
 n - a potion of flight {unknown}
 o - 2 potions of invisibility {unknown}
 q - a potion of resistance {unknown}
 s - a potion of ambrosia {unknown}
 A - a potion of degeneration {unknown}
 F - a potion of might {unknown}
Books
 b - a book of Air

   Spells                             Type                      Level
   a - Shock                          Conjuration/Air              1
   b - Swiftness                      Charms/Air                   2
   c - Repel Missiles                 Charms/Air                   2
   d - Static Discharge               Conjuration/Air              3
   e - Lightning Bolt                 Conjuration/Air              5
Comestibles
 c - 4 bread rations
 t - 2 meat rations
 z - a beef jerky


   Skills:
 + Level 0.4 Fighting
 - Level 0.4 Short Blades
 + Level 1.4 Staves
 - Level 2.4 Dodging
 - Level 2.4 Stealth
 + Level 6.7 Spellcasting
 + Level 3.8 Conjurations
 * Level 6.3 Air Magic
 + Level 0.2 Invocations


You had 6 spell levels left.
You knew the following spells:

 Your Spells              Type           Power        Failure   Level  Hunger
a - Shock                 Conj/Air       ####         1%          1    None
b - Swiftness             Chrm/Air       ###.....     4%          2    None
c - Repel Missiles        Chrm/Air       ###...       4%          2    None
d - Static Discharge      Conj/Air       ####....     3%          3    #......
e - Lightning Bolt        Conj/Air       ####......   34%         5    #####..


Dungeon Overview and Level Annotations

Branches:
Dungeon (5/15)             Temple (1/1) D:4

Altars:
Cheibriados
Dithmenos
Elyvilon
Fedhas
Gozag
Hepliaklqana
Makhleb
Nemelex Xobeh
Okawaru
Qazlal
Ru
Vehumet
Yredelemnul
Zin
The Shining One


Message History

* * * LOW HITPOINT WARNING * * *
Casting: Shock
Confirm with . or Enter, or press ? or * to list all spells.
Aiming: Shock
Press: ? - help, Shift-Dir - straight line, f/p - orc priest
Aim: an orc priest, wielding a whip (almost dead)
The zap hits the orc priest.
You kill the orc priest!
Yredelemnul accepts your kill.
A shadow imp comes into view.
The shadow imp moves out of view.
h - 4 scrolls labeled DARUINECHU (gained 1)
Things that are here:
a whip; an orc corpse You attempt to give life to the dead...
The dead are walking!
You feel somewhat more hungry. The shadow imp barely misses you.
The shadow imp gestures at you. Pain shoots through your body!
You die...
Your body rises from the dead as a mindless zombie.

.o..#...##.
.............#..#..
..................
.................
..........o ....#
.......... ...#
#......Z. ###.#
#....5####...##
#.....@)))...#
.....########.#.##
### #.....##
##......###
#.........###
##...........###
#..........#...##
#...(......###...
#.........## ###.


You could see a shadow imp.

Vanquished Creatures
  A phantom (D:5)
  5 orc priests
  2 hounds (D:4)
  2 orc wizards
  Ijyb (D:3)
  Natasha (thrice) (D:2)
  2 worker ants (D:4)
  Robin (D:4)
  4 gnolls (D:3)
  7 adders
  An ooze (D:1)
  4 dart slugs
  7 leopard geckos
  9 orcs
  5 bats
  5 giant cockroaches
  22 hobgoblins
  5 jackals
  6 frilled lizards
  34 goblins
  5 kobolds
  4 rats
135 creatures vanquished.

Vanquished Creatures (collateral kills)
  A quokka skeleton (D:5)
1 creature vanquished.

Vanquished Creatures (others)
  A frilled lizard zombie (D:5)
1 creature vanquished.

Grand Total: 137 creatures vanquished

Notes
Turn   | Place    | Note
-------+----------+-------------------------------------------
     0 | D:1      | Glaeka the Deep Elf Air Elementalist began the quest for the Orb.
     0 | D:1      | Reached XP level 1. HP: 10/10 MP: 6/6
   106 | D:1      | Reached XP level 2. HP: 15/15 MP: 2/8
   111 | D:1      | Learned a level 2 spell: Swiftness
   114 | D:1      | Learned a level 2 spell: Repel Missiles
   293 | D:1      | You fall through a shaft!
   338 | D:2      | Reached XP level 3. HP: 16/19 MP: 2/9
   346 | D:2      | Learned a level 3 spell: Static Discharge
   430 | D:2      | Noticed Natasha
   437 | D:2      | Killed Natasha
   559 | D:2      | Noticed Natasha
   571 | D:2      | Killed Natasha
   571 | D:2      | Reached XP level 4. HP: 24/24 MP: 3/12
   874 | D:2      | Noticed Natasha
   882 | D:2      | Killed Natasha
   980 | D:3      | Reached XP level 5. HP: 25/28 MP: 11/14
  1011 | D:3      | Learned a level 5 spell: Lightning Bolt
  1081 | D:3      | Noticed Ijyb
  1098 | D:3      | Killed Ijyb
  1098 | D:3      | Reached skill level 5 in Spellcasting
  1162 | D:3      | Reached skill level 5 in Air Magic
  1425 | D:3      | Reached XP level 6. HP: 27/32 MP: 3/15
  1442 | D:4      | Found a staircase to the Ecumenical Temple.
  1452 | Temple   | Entered the Ecumenical Temple
  1628 | Temple   | Became a worshipper of Yredelemnul the Dark
  2368 | D:4      | Noticed Robin
  2370 | D:4      | Reached * piety under Yredelemnul
  2370 | D:4      | Reached XP level 7. HP: 35/36 MP: 12/18
  2374 | D:4      | Killed Robin
  2580 | D:5      | Entered Level 5 of the Dungeon
  2825 | D:5      | Reached skill level 1 in Staves
  2844 | D:5      | Killed from afar by a shadow imp

Skill      XL: |  1  2  3  4  5  6  7 |
---------------+----------------------+-----
Air Magic      | 4 5 6 |  6.3
Spellcasting   | 4 5 6 |  6.7
Conjurations   | 2 3 |  3.8
Staves         | 1 |  1.4
Fighting       | |  0.4
Short Blades   | |  0.4
Dodging        | |  2.4
Stealth        | |  2.4
Invocations    | |  0.2

Action                   |  1- 3 |  4- 6 |  7- 9 || total
-------------------------+-------+-------+-------++-------
Melee: Dagger            |    22 |    27 |       ||    49
       Flail             |       |     6 |       ||     6
       Staff             |       |       |    35 ||    35
Throw: Tomahawk          |       |       |     1 ||     1
 Cast: Shock             |    53 |   147 |    33 ||   233
       Repel Missiles    |     1 |     1 |       ||     2
       Swiftness         |     1 |       |       ||     1
Invok: Animate Remains   |       |       |     2 ||     2
 Stab: Sleeping          |     2 |       |     1 ||     3
  Eat: Bread ration      |       |     1 |       ||     1
       Fruit             |       |       |     4 ||     4
       Chunk             |       |       |     1 ||     1
Armor: Robe              |     3 |     6 |     8 ||    17
Dodge: Dodged            |    19 |    61 |    19 ||    99
       Deflected         |       |     4 |       ||     4
